 Dungeon Crawl Stone Soup version 0.31-a0-986-g5e6e4ef867 (webtiles) character file.

Game seed: 15645551459627612257

84 sammy202020 the Changeling (level 4, 0/34 HPs)
             Began as a Merfolk Shapeshifter on Nov 9, 2023.
             Slain by a goblin
             ... wielding a +0 club
              (1 damage)
             ... on level 3 of the Dungeon.
             The game lasted 00:02:40 (1903 turns).

sammy202020 the Changeling (Merfolk Shapeshifter)   Turns: 1903, Time: 00:02:41

Health: 0/34       AC:  8    Str: 14    XL:     4   Next: 46%
Magic:  4/4        EV:  7    Int: 11    God:
Gold:   1333       SH:  5    Dex: 13    Spells: 3/3 levels left

rFire   . .          .
                       - Unarmed
rCold   . . .        (no shield)
rNeg    . . .        e - +0 chain mail
rPois   +            (helmet currently unavailable)
rElec   .            (cloak currently unavailable)
rCorr   .            (gloves currently unavailable)
SInv    .            (boots currently unavailable)
Will    .....        h - amulet of reflection Stlth
                     k - ring of poison resistance
HPRegen 0.25/turn    (no ring)
MPRegen 0.09/turn

%: reflection
@: beast-form
A: beast (slay +2), (nimble swimmer 2), mertail
a: Begin Untransformation


You were on level 3 of the Dungeon.
You were a hulking beast.
You visited 1 branch of the dungeon, and saw 3 of its levels.

You collected 1333 gold pieces.

Inventory:

Armour
 e - a +0 chain mail (worn)
Jewellery
 h - an amulet of reflection (around neck)
 k - a ring of poison resistance (left hand)
Talismans
 c - a beast talisman
 d - a flux talisman
Scrolls
 f - 2 scrolls of identify
Potions
 a - a potion of curing
 b - a potion of lignification
 g - a potion of heal wounds
 j - a potion of magic {unknown}


   Skills:
 * Level 2.4 Fighting
 + Level 0.6 Armour
 + Level 3.2 Dodging
 * Level 4.0 Unarmed Combat
 * Level 4.7 Shapeshifting


You had 3 spell levels left.
You didn't know any spells.
Your spell library was empty.

Dungeon Overview and Level Annotations

Branches:
Dungeon (3/15)

Altars:

Annotations:
D:3 Grinder


Innate Abilities, Weirdness & Mutations

You are a hulking beast.
Your limbs bulge with bestial killing power. (Slay +2)
((You are very nimble when in or above water. (Stealth+, EV+, Speed+++)))
Your lower body shifts to a powerful aquatic tail in water.


Message History

The hobgoblin shouts!
The hobgoblin closely misses you.
You punch the hobgoblin!
You kill the hobgoblin!
Grinder comes into view.
Found a scroll of identify, a short sword and a glowing mace.
Grinder shouts!
You hear a shout!
A goblin comes into view. It is wielding a +0 club.
You hit the hobgoblin.
The hobgoblin is lightly wounded.
You block the hobgoblin's attack. Grinder gestures at you.
Pain shoots through your body!
You hit the hobgoblin.
You kill the hobgoblin!
Grinder gestures at you. Pain shoots through your body!
You barely miss Grinder. Grinder hits you!
You writhe in agony.
You are too injured to fight recklessly!
You are too injured to fight recklessly!
You are too injured to fight recklessly!
You are too injured to fight recklessly!
You are too injured to fight recklessly!
You are too injured to fight recklessly!
You are too injured to fight recklessly!
You are too injured to fight recklessly!
You are too injured to fight recklessly!
There are monsters nearby!
Unknown command.
You closely miss Grinder. Grinder hits you.
* * * LOW HITPOINT WARNING * * *
You writhe in agony.
* * * LOW HITPOINT WARNING * * *
The goblin hits you but does no damage. Grinder gestures at you.
Pain shoots through your body!
* * * LOW HITPOINT WARNING * * *
The goblin attacks as it pursues you! The goblin hits you but does no damage.
The goblin attacks as it pursues you! The goblin hits you with a +0 club.
You die...

....).........#
..............#
..............#
)..........$..#
###........?...
#########.####..#
#.........# .
#......g..#
#......h..#
#.........#
#....†....#
#...<.....#
#.........#
#.........#
#.........#
###########


You could see a goblin.

Vanquished Creatures
  3 adders (D:2)
  3 worms (D:2)
  A dart slug (D:2)
  3 endoplasms (D:2)
  6 goblins
  5 hobgoblins
  6 kobolds
  2 quokkas (D:2)
  2 ball pythons
  4 bats
  2 frilled lizards
  9 rats
46 creatures vanquished.

Notes
Turn   | Place    | Note
-------+----------+-------------------------------------------
     0 | D:1      | sammy202020 the Merfolk Shapeshifter began the quest for
                  | the Orb.
     0 | D:1      | Reached XP level 1. HP: 15/15 MP: 1/1
   455 | D:1      | Reached XP level 2. HP: 21/21 MP: 2/2
   978 | D:2      | Reached XP level 3. HP: 27/27 MP: 3/3
  1164 | D:2      | Reached XP level 4. HP: 33/33 MP: 4/4
  1819 | D:2      | Identified a scroll of acquirement
  1819 | D:2      | Acquired 1217 gold pieces
  1892 | D:3      | Noticed Grinder
  1901 | D:3      | HP: 1/34 [Grinder/nerve-wracking pain (6)]
  1903 | D:3      | Slain by a goblin

Illustrated notes

Levels and vault maps discovered:
D:1:      dpeg_arrival_castle, layout_loops_corners,
          chequers_serial_rivers_marsh
D:2:      layout_basic, serial_bayou_pond_b
D:3:      layout_rooms, nicolae_uskayaw_en_pointe, yredelemnul_altar_generic,
          minmay_door_square, uniq_sigmund, uniq_grinder

Skill      XL: |  1  2  3  4 |
---------------+-------------+-----
Dodging        | 3 |  3.2
Fighting       | 2 |  2.4
Unarmed Combat | 4 |  4.0
Armour         | |  0.6
Shapeshifting  | |  4.7

Action                     |  1- 3 |  4- 6 || total
---------------------------+-------+-------++-------
  Melee: Unarmed           |   100 |    32 ||   132
         Punch             |     2 |       ||     2
    Use: Scroll            |     2 |     1 ||     3
 Armour: Chain mail        |    59 |    19 ||    78
  Dodge: Dodged            |    26 |     5 ||    31
  Block: Other             |    12 |     8 ||    20

Table legend: (Time is in decaauts)
 A = Elapsed time spent in this place.
 B = Non-inter-level travel time spent in this place.
 C = Inter-level travel time spent in this place.
 D = Time resting spent in this place.
 E = Time spent auto-exploring this place.
 F = Levels seen in this place.
 G = Mean time per level.
                   A        B        C        D        E       F      G
               +--------+--------+--------+--------+--------+-----+--------+
         Total |   1876 |   1860 |     16 |      0 |   1436 |   3 |  625.3 |
       Dungeon |   1876 |   1860 |     16 |      0 |   1436 |   3 |  625.3 |
               +--------+--------+--------+--------+--------+-----+--------+

Top non-repeatable levels by time:
     D:2: 936 daAuts
     D:1: 919 daAuts
     D:3: 20 daAuts
